[Event "Team 45 45 League T86"]
[Site "Internet Chess Club"]
[Date "2020.10.18"]
[Round "3"]
[White "julesraider"]
[Black "evan7284"]
[Result "1/2-1/2"]
[WhiteElo "1606"]
[BlackElo "1634"]
[Opening "Queen's pawn game"]
[ECO "D02"]
[Time "14:02:52"]
[TimeControl "2700+45"]

1. d4 d5 2. Nf3 e6 3. c4 f5 4. g3 c6 5. Bg2 Nf6 6. O-O Bd6 7. Nbd2 O-O 8. b3 Ne4
9. Ne1 Nc3 10. Qc2 Nxe2+ 11. Kh1 Nxc1 12. Rxc1 Nd7 13. Nd3 Qf6 14. c5 Bc7 15.
Nf3 e5 16. dxe5 Nxe5 17. Ndxe5 Bxe5 18. Nxe5 Qxe5 19. f4 Qf6 20. Rce1 Bd7 21. b4
Rfe8 22. b5 Rxe1 23. Rxe1 Re8 24. Rd1 Qe6 25. bxc6 Bxc6 26. Qb3 Rd8 27. Kg1 Kf7
28. Kf2 d4 29. Bxc6 Qxb3 30. axb3 bxc6 31. Ra1 Rd7 32. Ra6 Rc7 33. Ke2 Ke6 34.
Kd3 Kd5 35. Ra5 h5 36. Ra4 Kxc5 37. Ra5+ Kb4 38. Rxf5 Kxb3 39. Kxd4 c5+ 40. Kd3
a5 41. Rd5 a4 42. Kd2 Kb2 43. Rd6 Kb3 44. Rb6+ Kc4 45. Kc2 Ra7 46. Kb2 Re7 47.
Ra6 Kb5 48. Ra8 Re2+ 49. Ka3 Rxh2 50. Rb8+ Kc4 51. Rg8 Rh3 52. Rxg7 h4 53. Kxa4
Rxg3 54. Rh7 h3 55. f5 Rf3 56. f6 Rxf6 57. Rh4+ Kd5 58. Rxh3 Rc6 59. Kb5 Rc8 60.
Rd3+ Ke4 61. Kc4 Ra8 62. Rh3 Rc8 63. Rh4+ Ke3 64. Rh5 {Game drawn by mutual
agreement} 1/2-1/2

[Event "Team 45 45 League T86"]
[Site "Internet Chess Club"]
[Date "2020.10.16"]
[Round "3"]
[White "rubo"]
[Black "olivermx"]
[Result "1/2-1/2"]
[WhiteElo "1472"]
[BlackElo "1326"]
[Opening "Queen's pawn, Mason variation"]
[ECO "D00"]
[Time "21:00:20"]
[TimeControl "2700+45"]

1. d4 d5 2. Bf4 Nf6 3. e3 e6 4. Bd3 c5 5. c3 Nc6 6. Nd2 Bd7 7. Ngf3 Nh5 8. Bg3
Be7 9. Ne5 Nxg3 10. hxg3 Nxe5 11. dxe5 Qc7 12. f4 c4 13. Bc2 Bc5 14. Nf1 Qb6 15.
Qc1 h6 16. Rb1 O-O-O 17. Ke2 Qc6 18. Rh2 Be7 19. Nd2 f6 20. Nf3 fxe5 21. Nxe5
Qb6 22. Nf7 Rhf8 23. Nxd8 Bxd8 24. Qd2 Bc7 25. Qd4 Qxd4 26. exd4 b5 27. a3 Bd8
28. Rf1 Bf6 29. Rhh1 Kc7 30. Bg6 Kb6 31. Ke1 a5 32. Rf2 Be7 33. Rhf1 Rf6 34. Bh5
g6 35. Bf3 b4 36. axb4 axb4 37. Re2 Bd8 38. Bg4 bxc3 39. bxc3 Kc6 40. Ra2 g5 41.
fxg5 Rxf1+ 42. Kxf1 hxg5 43. Re2 Kd6 44. Kf2 Ba5 45. Re3 Bd8 46. Kf3 Bf6 47. Bh3
Bc8 48. Ke2 Bd7 49. Bg4 Bc8 50. Kd1 Bd7 51. Kc1 Be7 52. Kb2 Bf8 53. Rf3 Be7 54.
Rf7 Be8 55. Rg7 Bf6 56. Ra7 Bd7 57. Ka3 Bd8 58. Kb4 Bc7 59. Ka3 Kc6 60. Kb2 Bxg3
61. Ra6+ Kb5 62. Ra7 Kc6 63. Ra6+ Kb5 64. Ra7 Kc6 {Game drawn by repetition}
1/2-1/2

[Event "Team 45 45 League T86"]
[Site "Internet Chess Club"]
[Date "2020.10.19"]
[Round "3"]
[White "cayo89"]
[Black "andrew37"]
[Result "0-1"]
[WhiteElo "1514"]
[BlackElo "1710"]
[Opening "Queen's pawn: London system"]
[ECO "A45"]
[Time "18:59:45"]
[TimeControl "2700+45"]

1. d4 Nf6 2. Bf4 g6 3. e3 Bg7 4. Nf3 d6 5. Be2 O-O 6. Nbd2 Nc6 7. h3 Re8 8. c3
e5 9. Bg5 h6 10. Bh4 exd4 11. cxd4 Ne7 12. g4 b6 13. O-O Bb7 14. Re1 Qd7 15. Nh2
c5 16. Bf3 Bxf3 17. Nhxf3 Rad8 18. Qc2 Ned5 19. a3 Rc8 20. Qd3 Nc7 21. Rac1 cxd4
22. Nxd4 Ne6 23. Nxe6 Qxe6 24. Bg3 d5 25. f3 Nd7 26. b4 Rxc1 27. Rxc1 Qxe3+ 28.
Qxe3 Rxe3 29. Rc7 Ne5 30. Rxa7 Rd3 31. Bxe5 Bxe5 32. Nf1 Rxf3 33. Kg2 Rb3 34.
Rb7 Rb2+ 35. Kf3 Rb3+ 36. Kg2 Rxa3 37. Rxb6 Ra2+ 38. Kf3 Bd4 39. Rb8+ Kg7 40.
Ne3 Ra3 41. Re8 Rb3 42. Ke2 Bxe3 43. Rxe3 Rxb4 44. Rd3 d4 45. Kf3 Kf6 46. Ke4
Kg5 47. Kd5 Kf4 48. Kc5 Ra4 49. Kb5 Ke4 50. Rg3 Ra2 {White resigns} 0-1

[Event "Team 45 45 League T86"]
[Site "Internet Chess Club"]
[Date "2020.10.18"]
[Round "3"]
[White "timothysmall56"]
[Black "liujf"]
[Result "1-0"]
[WhiteElo "1712"]
[BlackElo "1595"]
[Opening "Giuoco Piano"]
[ECO "C50"]
[Time "20:02:10"]
[TimeControl "2700+45"]

1. e4 e5 2. Nf3 Nc6 3. Bc4 Bc5 4. O-O Nf6 5. Nc3 d6 6. h3 a6 7. a4 O-O 8. d3 Ba7
9. Bg5 h6 10. Be3 Be6 11. Nd5 Bxd5 12. Bxd5 Nxd5 13. exd5 Ne7 14. Bxa7 Rxa7 15.
c4 f5 16. Qe2 Ng6 17. g3 Qd7 18. Kh2 Raa8 19. b4 Rae8 20. Nd2 Kh8 21. b5 a5 22.
Rae1 f4 23. g4 Nh4 24. f3 Ng6 25. Ne4 Qe7 26. Qf2 b6 27. Rg1 Qh4 28. Qg2 Ne7 29.
Qd2 Kh7 30. d4 Ng8 31. g5 hxg5 32. Nxg5+ Kh8 33. Rg4 Qh6 34. Qf2 Qf6 35. dxe5
Rxe5 36. Rxe5 Qxe5 37. Ne6 Rf7 38. Qh4+ Nh6 39. Qd8+ Ng8 40. Rh4+ Qh5 41. Rxh5#
{Black checkmated} 1-0

[Event "Team 45 45 League T86"]
[Site "Internet Chess Club"]
[Date "2020.10.18"]
[Round "3"]
[White "Hal2001"]
[Black "goldeen7"]
[Result "1-0"]
[WhiteElo "1525"]
[BlackElo "1336"]
[Opening "Sicilian: closed"]
[ECO "B23"]
[Time "06:49:09"]
[TimeControl "2700+45"]

1. e4 c5 2. Nc3 d6 3. f4 g6 4. Bb5+ Bd7 5. Bc4 Bg7 6. Nf3 e6 7. O-O Nc6 8. d3
Nge7 9. a3 O-O 10. Qe1 Nd4 11. Qf2 a6 12. Nxd4 Bxd4 13. Be3 Bg7 14. d4 cxd4 15.
Bxd4 Bc6 16. Bxg7 Kxg7 17. Qd4+ Kg8 18. Rad1 d5 19. exd5 Bxd5 20. Bxd5 Nxd5 21.
Nxd5 exd5 22. Qxd5 Qb6+ 23. Qd4 Qxd4+ 24. Rxd4 Rad8 25. Rfd1 Rxd4 26. Rxd4 Rc8
27. c3 Re8 28. Kf2 Kf8 29. c4 Ke7 30. g4 Rd8 31. Ke3 Rxd4 32. Kxd4 Kd6 33. b4 h5
34. h3 h4 35. g5 b6 36. a4 a5 37. b5 Ke6 38. c5 bxc5+ 39. Kxc5 Kd7 40. Kb6 f6
41. Ka7 fxg5 42. fxg5 Kc8 43. b6 Kd7 44. b7 Kc7 45. b8=Q+ {Black resigns} 1-0

[Event "Team 45 45 League T86"]
[Site "Internet Chess Club"]
[Date "2020.10.16"]
[Round "3"]
[White "zugknightly"]
[Black "KidRattler"]
[Result "1-0"]
[WhiteElo "1850"]
[BlackElo "1765"]
[Opening "English: Caro-Kann defensive system"]
[ECO "A11"]
[Time "16:22:50"]
[TimeControl "2700+45"]

1. c4 c6 2. g3 d5 3. Bg2 Nf6 4. Nf3 dxc4 5. Qc2 Nbd7 6. Na3 Nb6 7. Nxc4 Nxc4 8.
Qxc4 Be6 9. Qc2 g6 10. d3 Bg7 11. O-O O-O 12. a3 a5 13. b3 a4 14. bxa4 Qa5 15.
Rb1 Bc8 16. Nd2 Qxa4 17. Qxa4 Rxa4 18. Nc4 Nd7 19. Rd1 Bd4 20. Bh6 Rd8 21. Bd2
Ne5 22. Na5 Bc5 23. Nxb7 Bxb7 24. Rxb7 Rxa3 25. h3 Ra2 26. Bf1 Rda8 27. Bc3 Nf3+
28. exf3 Bxf2+ 29. Kh1 Bxg3 30. Rxe7 Rh2+ 31. Kg1 Rc2 32. Bf6 Bd6 33. Rd7 Bb4
34. Rd8+ Rxd8 35. Bxd8 Kg7 36. d4 Bd2 37. Bd3 Be3+ 38. Kh1 Rf2 39. Be4 c5 40.
dxc5 Bxc5 41. Bh4 Ra2 42. Rd7 Ra1+ 43. Kh2 Ra2+ 44. Kh1 Ra1+ 45. Kg2 Ra2+ 46.
Kf1 Ra7 47. Rxa7 Bxa7 48. Ke2 h6 49. Bd8 f5 50. Bc2 Bd4 51. Kd3 Bb2 52. Kc4 h5
53. Kd5 Bf6 54. Bxf6+ Kxf6 55. h4 g5 56. hxg5+ Kxg5 57. Ke5 f4 58. Be4 h4 59.
Bf5 Kh6 60. Kxf4 Kh5 61. Bh3 Kg6 62. Kg4 Kh6 63. Kxh4 Kg7 64. Kg5 Kh7 65. Kf6
Kg8 66. Ke7 Kg7 67. f4 Kg6 68. f5+ Kg5 69. f6 Kf4 70. f7 Kg5 71. f8=Q Kg6 72.
Qf6+ Kh5 73. Qg7 Kh4 74. Ke6 Kh5 75. Kf5 Kh4 76. Qg4# {Black checkmated} 1-0

[Event "Team 45 45 League T86"]
[Site "Internet Chess Club"]
[Date "2020.10.18"]
[Round "3"]
[White "ivanson"]
[Black "Denis240964"]
[Result "1-0"]
[WhiteElo "1605"]
[BlackElo "1419"]
[Opening "Ruy Lopez: closed"]
[ECO "C90"]
[Time "14:02:25"]
[TimeControl "2700+45"]

1. e4 e5 2. Nf3 Nc6 3. Bb5 a6 4. Ba4 Nf6 5. O-O b5 6. Bb3 Be7 7. Re1 d6 8. c3
Na5 9. Bc2 c5 10. a4 Bg4 11. h3 Bh5 12. d3 b4 13. cxb4 cxb4 14. Nbd2 Qc7 15. g4
Rc8 16. Bb1 Qd7 17. gxh5 Qxh3 18. Nh2 Nxh5 19. Qg4 Qxg4+ 20. Nxg4 O-O 21. b3 Rc3
22. Ra2 Nxb3 23. Nxb3 Rxb3 24. Bc2 Rc3 25. Bd2 Ra3 26. Rxa3 bxa3 27. Ra1 Rc8 28.
Bb3 Nf4 29. Bc4 Rb8 30. Kf1 Rb2 31. Bc1 Rb7 32. Bxa6 Rb3 33. Bxa3 Nxd3 34. Bxd3
Rxd3 35. Nxe5 Rd4 36. Nc6 Rxe4 37. Nxe7+ Rxe7 38. Bxd6 Rd7 39. Bg3 h5 40. a5 g5
41. a6 Ra7 42. Bb8 Ra8 43. a7 Kg7 44. Ra5 Kg6 45. Kg2 f6 46. Kg3 Kh6 47. Ra6 Kg6
48. Rb6 Kf5 49. Rb7 h4+ 50. Kg2 g4 51. Bc7 Kg5 52. Bb6 Kf4 53. Rb8 Rxa7 54. Bxa7
h3+ 55. Kh2 f5 56. Rb3 Kg5 57. Bb8 Kg6 58. Kg3 Kg5 59. Rb6 Kh5 60. Bf4 h2 61.
Rh6# {Black checkmated} 1-0

[Event "Team 45 45 League T86"]
[Site "Internet Chess Club"]
[Date "2020.10.15"]
[Round "3"]
[White "DaveTheRook"]
[Black "Validus"]
[Result "1-0"]
[WhiteElo "1536"]
[BlackElo "1418"]
[Opening "Polish (Sokolsky) opening"]
[ECO "A00"]
[Time "17:39:04"]
[TimeControl "2700+45"]

1. b4 d5 2. Bb2 Nf6 3. e3 c6 4. a3 Bf5 5. Nf3 Nbd7 6. Nh4 Bg6 7. Nxg6 hxg6 8.
Be2 e6 9. h3 Bd6 10. d4 b5 11. Nd2 g5 12. Nb3 Ne4 13. Nc5 Ndxc5 14. dxc5 Bc7 15.
Bxg7 Rh7 16. Bb2 a5 17. Bd3 f5 18. Bxe4 fxe4 19. Qg4 Rh4 20. Qxe6+ Qe7 21. Qxc6+
Kf7 22. Qxa8 Be5 23. Qxd5+ Kf6 24. Qxe5+ Qxe5 25. Bxe5+ Kxe5 26. Rd1 axb4 27.
axb4 g4 28. Ke2 g3 29. fxg3 Rh6 30. Rhf1 Rg6 31. g4 Rg8 32. Rf5+ Ke6 33. Rd6+
Ke7 34. Re5+ Kf7 35. Rxe4 Rc8 36. g5 Ra8 37. h4 Ra2 38. Kd2 Ra1 39. c6 Ra8 40.
Rf6+ Kg7 41. Re7+ Kg8 42. c7 Kh8 43. Rc6 Rc8 44. Rd7 Rd8 45. cxd8=Q# {Black
checkmated} 1-0

[Event "Team 45 45 League T86"]
[Site "Internet Chess Club"]
[Date "2020.10.20"]
[Round "3"]
[White "bardu"]
[Black "mongmong"]
[Result "1-0"]
[WhiteElo "1358"]
[BlackElo "1414"]
[Opening "Nimzo-Indian: classical variation"]
[ECO "E32"]
[Time "19:26:31"]
[TimeControl "2700+45"]

1. d4 e6 2. c4 Nf6 3. Nc3 Bb4 4. Qc2 O-O 5. a3 Bxc3+ 6. Qxc3 h6 7. e3 b6 8. Nf3
Bb7 9. Be2 d6 10. O-O Ne4 11. Qc2 a5 12. Bd3 f5 13. Nd2 Nxd2 14. Bxd2 Qg5 15. e4
Qg6 16. d5 fxe4 17. Bxe4 Qf6 18. dxe6 Bxe4 19. Qxe4 Na6 20. e7 Rfe8 21. Rfe1 Nc5
22. Qe3 Kf7 23. Bc3 Qf5 24. Rad1 Ne6 25. Rd5 Qf4 26. Qxf4+ {Black resigns} 1-0

[Event "Team 45 45 League T86"]
[Site "Internet Chess Club"]
[Date "2020.10.17"]
[Round "3"]
[White "WillC"]
[Black "rookmaster23"]
[Result "1/2-1/2"]
[WhiteElo "1597"]
[BlackElo "1681"]
[Opening "English, 1...Nf6 (Anglo-Indian defense)"]
[ECO "A15"]
[Time "14:02:13"]
[TimeControl "2700+45"]

1. c4 Nf6 2. g3 c6 3. Bg2 d5 4. d3 g6 5. Nf3 Bg7 6. O-O O-O 7. Qc2 dxc4 8. dxc4
Bf5 9. Qd2 Qc7 10. Nc3 Nbd7 11. Nh4 Be6 12. b3 Nc5 13. Bb2 Rad8 14. Qc2 Rd7 15.
Ba3 Qa5 16. Bb2 Rfd8 17. Rad1 Rxd1 18. Rxd1 Rxd1+ 19. Qxd1 Ne8 20. Qa1 Nd6 21.
Bf3 Nf5 22. Nxf5 Bxf5 23. Kg2 e5 24. Kg1 e4 25. Bg2 Qd8 26. Qd1 Qxd1+ 27. Nxd1
Bxb2 28. Nxb2 Bg4 29. f3 Bf5 30. b4 exf3 31. Bxf3 Ne6 32. Kg2 Nd4 {Game drawn by
mutual agreement} 1/2-1/2

[Event "Team 45 45 League T86"]
[Site "Internet Chess Club"]
[Date "2020.10.15"]
[Round "3"]
[White "sburreus09"]
[Black "RD1974"]
[Result "1-0"]
[WhiteElo "1525"]
[BlackElo "1564"]
[Opening "Dutch defense, Rubinstein variation"]
[ECO "A40"]
[Time "21:14:20"]
[TimeControl "2700+45"]

1. d4 e6 2. c4 f5 3. Nc3 Nf6 4. f3 Be7 5. e3 O-O 6. Bd3 d5 7. Nge2 c6 8. Qc2 Na6
9. a3 Nc7 10. Bd2 Bd6 11. c5 Be7 12. O-O-O b6 13. Na4 Nd7 14. cxb6 Nxb6 15. Nxb6
axb6 16. Qxc6 Bd7 17. Qc3 Nb5 18. Qb3 Nxa3 19. bxa3 Rxa3 20. Qc2 Ra1+ 21. Kb2
Ra3 22. Nc3 Qa8 23. Ra1 Rc8 24. Qb1 Bb4 25. Rc1 Ba4 26. Nxa4 Rxc1 27. Kxc1 Bxd2+
28. Kxd2 Qa5+ 29. Ke2 Qxa4 30. Rxa3 Qxa3 31. Qxb6 Qa2+ 32. Kf1 Kf7 33. h4 Qd2
34. Qc7+ Kf6 35. Qe5+ Kf7 36. Be2 h6 37. g4 Qc1+ 38. Kf2 Qh1 39. Qg3 g6 40. gxf5
gxf5 41. f4 Ke7 42. Qg7+ Kd6 43. Qxh6 Qh2+ 44. Ke1 Qh1+ 45. Kd2 Qe4 46. h5 Qb1
47. Qf8+ Kd7 48. h6 Qb2+ 49. Ke1 Qc1+ 50. Kf2 Qh1 51. Qg7+ Kd6 52. h7 Qh4+ 53.
Kf1 Qh1+ 54. Kf2 Qh4+ 55. Kg2 Qe1 56. Qe5+ Ke7 57. Qc7+ Kf6 58. h8=Q+ Kg6 59.
Qcg7# {Black checkmated} 1-0

[Event "Team 45 45 League T86"]
[Site "Internet Chess Club"]
[Date "2020.10.17"]
[Round "3"]
[White "Rybo88"]
[Black "tryanything"]
[Result "0-1"]
[WhiteElo "1442"]
[BlackElo "1521"]
[Opening "Two knights defense (Modern bishop's opening)"]
[ECO "C55"]
[Time "18:52:46"]
[TimeControl "2700+45"]

1. e4 e5 2. Nf3 Nc6 3. Bc4 Nf6 4. d3 d6 5. O-O Be7 6. c3 Bg4 7. Nbd2 O-O 8. b4
a6 9. Bb2 Be6 10. Bb3 Bxb3 11. Qxb3 d5 12. exd5 Nxd5 13. a3 Nf4 14. Rad1 Qxd3
15. Nc4 Qg6 16. g3 Bf6 17. Rd7 Qg4 18. Qd1 Ne2+ 19. Kg2 Qxc4 20. Qc2 Ned4 21.
Nxd4 Nxd4 22. Qe4 Qc6 23. Qxc6 Nxc6 24. c4 Rac8 25. Rd2 Rfd8 26. Re2 Nd4 27. Re4
b6 28. f4 exf4 29. Rfxf4 Ne6 30. Rxf6 gxf6 31. Rg4+ Kf8 32. Bxf6 Rd2+ 33. Kh3 c5
34. Rh4 Rf2 35. Rxh7 Rxf6 36. Rh8+ Ke7 37. Rxc8 cxb4 38. axb4 Kd7 39. Ra8 b5 40.
c5 Nc7 41. Rh8 Nd5 42. Rh4 Kc6 43. Rd4 a5 44. bxa5 Kxc5 45. Rd1 b4 46. Ra1 Kb5
47. Rd1 Nc3 {White resigns} 0-1

[Event "Team 45 45 League T86"]
[Site "Internet Chess Club"]
[Date "2020.10.17"]
[Round "3"]
[White "Electryon"]
[Black "sdcohle"]
[Result "1-0"]
[WhiteElo "1327"]
[BlackElo "1344"]
[Opening "King's Indian: London system"]
[ECO "A48"]
[Time "15:03:49"]
[TimeControl "2700+45"]

1. d4 Nf6 2. Nf3 g6 3. Bf4 d6 4. e3 Bg7 5. Bc4 O-O 6. Nbd2 b6 7. O-O Bb7 8. c3
Nbd7 9. a4 Re8 10. h3 e5 11. Bg3 e4 12. Ne1 a5 13. b4 axb4 14. cxb4 Nd5 15. Qb3
N7f6 16. Bh4 Rf8 17. Nxe4 Qe8 18. Nxf6+ Nxf6 19. Rc1 Qxa4 20. Qb1 Qe8 21. Be2 c6
22. Nf3 d5 23. b5 Rc8 24. bxc6 Rxc6 25. Bb5 Rxc1 26. Rxc1 Qd8 27. Bg3 Ne8 28.
Bxe8 Rxe8 29. Bc7 Qe7 30. Bxb6 Bh6 31. Rc7 Qe6 32. Rxb7 Rc8 33. Bc5 Rc6 34. Rb8+
Kg7 35. Bf8+ Kf6 36. Bxh6 Qd7 37. Ne5 Qc7 38. Nxc6 Qxc6 39. Rb6 {Black resigns}
1-0

[Event "Team 45 45 League T86"]
[Site "Internet Chess Club"]
[Date "2020.10.17"]
[Round "3"]
[White "bobhill"]
[Black "Draconian"]
[Result "1-0"]
[WhiteElo "1939"]
[BlackElo "1735"]
[Opening "Dutch: Leningrad, main variation"]
[ECO "A87"]
[Time "14:00:17"]
[TimeControl "2700+45"]

1. d4 f5 2. Nf3 Nf6 3. c4 g6 4. g3 Bg7 5. Bg2 O-O 6. Qc2 d6 7. O-O c6 8. Nbd2 a5
9. b3 Na6 10. a3 Bd7 11. Bb2 Nc7 12. Rfe1 h6 13. Nh4 Qe8 14. e4 fxe4 15. Nxe4
Qf7 16. Nxf6+ Qxf6 17. Nxg6 Rf7 18. Nf4 Bf5 19. Be4 e5 20. dxe5 dxe5 21. Nh5 Qg6
22. Bxf5 Qxf5 23. Qxf5 Rxf5 24. Nxg7 Rg5 25. Bxe5 Rxg7 26. Bxg7 Kxg7 27. Re7+
Kf6 28. Rxc7 {Black resigns} 1-0

[Event "Team 45 45 League T86"]
[Site "Internet Chess Club"]
[Date "2020.10.17"]
[Round "3"]
[White "BrianWood"]
[Black "CPTsopiens"]
[Result "1/2-1/2"]
[WhiteElo "1642"]
[BlackElo "1804"]
[Opening "Queen's Indian: Nimzovich variation (exaggerated fianchetto)"]
[ECO "E15"]
[Time "16:00:53"]
[TimeControl "2700+45"]

1. d4 Nf6 2. Nf3 b6 3. c4 e6 4. g3 Ba6 5. b3 Bb4+ 6. Bd2 Be7 7. Nc3 c6 8. e4 d5
9. e5 Ne4 10. Bd3 f5 11. exf6 Nxf6 12. Qe2 Bc8 13. O-O O-O 14. Rfe1 Re8 15. Ng5
Bd6 16. cxd5 exd5 17. Bxh7+ Kf8 18. Qd3 a5 19. Rxe8+ Qxe8 20. Re1 Qd8 21. Bf5
Ra7 22. Bxc8 Qxc8 23. Qf3 Re7 24. Rxe7 Bxe7 25. Nh7+ Kf7 26. Nxf6 Bxf6 27. Bg5
Qe6 28. Bxf6 {Game drawn by mutual agreement} 1/2-1/2

[Event "Team 45 45 League T86"]
[Site "Internet Chess Club"]
[Date "2020.10.16"]
[Round "3"]
[White "Beetlejuice"]
[Black "Kingofknights"]
[Result "1/2-1/2"]
[WhiteElo "1646"]
[BlackElo "1571"]
[Opening "QGD Slav: 4.e3"]
[ECO "D11"]
[Time "11:30:52"]
[TimeControl "2700+45"]

1. d4 d5 2. c4 c6 3. Nf3 Nf6 4. e3 dxc4 5. Bxc4 e6 6. Nc3 b5 7. Bd3 Bb7 8. O-O
a6 9. Qe2 Nbd7 10. Rd1 Qb6 11. b3 c5 12. Bb2 Be7 13. Rac1 O-O 14. Bb1 Rfd8 15.
dxc5 Nxc5 16. b4 Rxd1+ 17. Rxd1 Ncd7 18. a3 Nd5 19. Nxd5 Bxd5 20. Qd3 g6 21. Rc1
Bf6 22. Bxf6 Nxf6 23. Qc3 Ne8 24. Qd4 Qxd4 25. Nxd4 {Game drawn by mutual
agreement} 1/2-1/2

[Event "Team 45 45 League T86"]
[Site "Internet Chess Club"]
[Date "2020.10.17"]
[Round "3"]
[White "cap78red"]
[Black "fvafier"]
[Result "0-1"]
[WhiteElo "1428"]
[BlackElo "1573"]
[Opening "English opening"]
[ECO "A16"]
[Time "10:00:32"]
[TimeControl "2700+45"]

1. c4 Nf6 2. Nc3 g6 3. e4 d6 4. d3 Bg7 5. f4 e5 6. Nf3 Nbd7 7. Be2 O-O 8. O-O
Re8 9. h3 Nc5 10. g4 h6 11. f5 Nh7 12. g5 Nxg5 13. Nxg5 hxg5 14. Nd5 gxf5 15.
exf5 c6 16. f6 cxd5 17. fxg7 Bxh3 18. Rf3 Be6 19. Rg3 f6 20. Bh5 Re7 21. Bg6
Rxg7 22. Qh5 Bf7 23. Bxf7+ Rxf7 24. Rh3 Rg7 25. cxd5 Nd7 26. Bxg5 Rxg5+ 27. Kh1
Rxh5 28. Rxh5 Kf7 29. Rg1 Qg8 30. Rxg8 Rxg8 31. Rh2 Nb6 32. Rd2 Nxd5 33. a3 Ke6
34. b4 b6 35. b5 Nc3 36. a4 Nxa4 37. Ra2 Nc5 38. Rxa7 Rb8 39. Ra3 Kd5 40. Kg2
Kd4 41. Kf3 Nxd3 42. Kg4 e4 43. Ra4+ Kd5 44. Kf5 Re8 45. Ra3 Kc5 46. Kxf6 e3 47.
Kf7 Re5 48. Rxd3 e2 49. Kg7 e1=Q 50. Kh8 Re7 51. Rg3 Qe5+ 52. Kg8 Qxg3+ 53. Kh8
Qg7# {White checkmated} 0-1

[Event "Team 45 45 League T86"]
[Site "Internet Chess Club"]
[Date "2020.10.16"]
[Round "3"]
[White "trombone"]
[Black "cadmiumorange"]
[Result "0-1"]
[WhiteElo "1768"]
[BlackElo "1828"]
[Opening "Scandinavian defense"]
[ECO "B01"]
[Time "14:01:14"]
[TimeControl "2700+45"]

1. e4 d5 2. exd5 Nf6 3. d4 Bg4 4. Bb5+ c6 5. dxc6 Nxc6 6. Nf3 Qb6 7. Nc3 O-O-O
8. Bxc6 Qxc6 9. Be3 e5 10. h3 Bxf3 11. gxf3 exd4 12. Bxd4 Bc5 13. Ne2 Rhe8 14.
c3 Qxf3 15. Rg1 Bxd4 16. cxd4 Rxd4 17. Qc2+ Kb8 18. Rc1 Rxe2+ 19. Qxe2 Re4 20.
Rc2 Rxe2+ 21. Rxe2 Qxh3 22. Re3 Qf5 {White resigns} 0-1

[Event "Team 45 45 League T86"]
[Site "Internet Chess Club"]
[Date "2020.10.17"]
[Round "3"]
[White "Packerfan"]
[Black "LookImYourVader"]
[Result "1-0"]
[WhiteElo "1815"]
[BlackElo "1784"]
[Opening "Grünfeld: modern exchange variation"]
[ECO "D85"]
[Time "15:01:16"]
[TimeControl "2700+45"]

1. c4 Nf6 2. Nc3 d5 3. cxd5 Nxd5 4. e4 Nxc3 5. bxc3 g6 6. d4 Bg7 7. Nf3 c5 8.
Be2 O-O 9. O-O Nc6 10. Be3 cxd4 11. cxd4 Bg4 12. e5 Qd5 13. h3 Bf5 14. Qb3 Qxb3
15. axb3 a6 16. Rfc1 Be4 17. Nd2 Bd5 18. Nc4 Rad8 19. Rd1 b5 20. Nd2 Nb4 21. Nf3
Bb7 22. Rac1 Rc8 23. Bg5 Nd5 24. Bd2 h6 25. Ne1 Rxc1 26. Rxc1 Rc8 27. Rxc8+ Bxc8
28. Nd3 e6 29. Nc5 Kh7 30. Bf3 Bf8 31. Kf1 Be7 32. Ke2 f6 33. exf6 Bxf6 34. Kd3
h5 35. g4 Bh4 36. gxh5 gxh5 37. Bxh5 Bxf2 38. Bg4 Nf6 39. Bxe6 Bxe6 40. Nxe6 Nd5
41. Ke4 Nf6+ 42. Ke5 Ne8 43. d5 Bg3+ 44. Bf4 Bxf4+ 45. Nxf4 a5 46. d6 Nxd6 47.
Kxd6 a4 48. bxa4 bxa4 49. Nd3 Kg6 50. Ke5 Kg5 51. Kd4 a3 52. Kc3 {Black resigns}
1-0

[Event "Team 45 45 League T86"]
[Site "Internet Chess Club"]
[Date "2020.10.18"]
[Round "3"]
[White "Mitochondria"]
[Black "cayo89"]
[Result "0-1"]
[WhiteElo "1593"]
[BlackElo "1522"]
[Opening "Old Indian: Ukrainian variation"]
[ECO "A53"]
[Time "20:00:15"]
[TimeControl "2700+45"]

1. d4 Nf6 2. c4 d6 3. Nc3 e5 4. dxe5 dxe5 5. Qxd8+ Kxd8 6. Nf3 Nfd7 7. b3 f6 8.
e3 c6 9. Be2 Na6 10. O-O Bd6 11. Rd1 Ke7 12. Ne4 Bc7 13. Ba3+ c5 14. Ne1 b6 15.
Nc3 Bb7 16. Bf3 Bxf3 17. Nxf3 Rac8 18. Nd5+ Ke6 19. Rd2 Bb8 20. Rad1 e4 21. Ne1
Ne5 22. Bb2 Rhd8 23. Nf4+ Ke7 24. Rxd8 Rxd8 25. Rxd8 Kxd8 26. Ne6+ Ke7 27. Nxg7
Nb4 28. a3 Nbd3 29. Bc3 Nc1 30. Bxe5 Bxe5 31. b4 cxb4 32. axb4 a5 33. bxa5 bxa5
34. Nf5+ Kd7 35. Nd4 Bxd4 36. exd4 Ne2+ 37. Kf1 Nxd4 38. g3 a4 {White resigns}
0-1

[Event "Team 45 45 League T86"]
[Site "Internet Chess Club"]
[Date "2020.10.19"]
[Round "3"]
[White "clarinetref"]
[Black "KidRattler"]
[Result "0-1"]
[WhiteElo "1427"]
[BlackElo "1769"]
[Opening "Réti opening"]
[ECO "A09"]
[Time "16:03:12"]
[TimeControl "2700+45"]

1. Nf3 d5 2. c4 Nf6 3. g3 c6 4. cxd5 cxd5 5. Bg2 Bf5 6. d3 e6 7. O-O Nbd7 8.
Nbd2 Be7 9. Re1 h6 10. Nb3 O-O 11. Bd2 Rc8 12. Rc1 Rxc1 13. Qxc1 b6 14. Nfd4 Nc5
15. Nc6 Nxb3 16. Nxe7+ Qxe7 17. axb3 Qb7 18. Bc3 Rc8 19. Qd2 Kh7 20. f3 Rd8 21.
Bd4 Bg6 22. Qc3 Rc8 23. Qd2 Qc7 24. Bc3 e5 25. e4 d4 26. Bb4 a5 27. Ba3 b5 28.
b4 a4 29. f4 exf4 30. Qxf4 Qxf4 31. gxf4 Ng4 32. b3 axb3 33. Bb2 Ne3 34. Bxd4
Nc2 35. Rb1 Nxd4 36. f5 Rc1+ 37. Rxc1 Ne2+ 38. Kf2 Nxc1 39. fxg6+ fxg6 {White
resigns} 0-1

[Event "Team 45 45 League T86"]
[Site "Internet Chess Club"]
[Date "2020.10.16"]
[Round "3"]
[White "gregorgg"]
[Black "bardu"]
[Result "0-1"]
[WhiteElo "1342"]
[BlackElo "1338"]
[Opening "Queen's pawn: London system"]
[ECO "A45"]
[Time "15:05:26"]
[TimeControl "2700+45"]

1. d4 Nf6 2. Bf4 e6 3. e3 c5 4. c3 Nc6 5. Nd2 d5 6. Ngf3 Bd6 7. Bg3 O-O 8. Bd3
Qe7 9. Bxd6 Qxd6 10. O-O b6 11. e4 cxd4 12. cxd4 dxe4 13. Nxe4 Nxe4 14. Bxe4 Bb7
15. Re1 Rfd8 16. Bxc6 Bxc6 17. Ne5 Bb7 18. Nxf7 Kxf7 19. Qh5+ Kg8 20. Rad1 Qd5
21. Qxd5 Bxd5 22. a3 Rac8 23. Rd2 Rc7 24. f4 g6 25. h4 Rdc8 26. Kh2 Rc2 27. Ree2
Rxd2 28. Rxd2 Kf7 29. Kg3 Kf6 30. Kg4 h5+ 31. Kh3 Kf5 32. g3 Bf3 33. Kh2 Rc1 34.
Kh3 Rh1+ 35. Rh2 Rxh2+ 36. Kxh2 Ke4 37. Kg1 Kxd4 38. Kf2 Bg4 39. b4 Kc4 40. Ke3
Kb3 41. Ke4 Kxa3 42. Ke5 Kxb4 43. Kf6 a5 44. Kxg6 a4 {White resigns} 0-1

[Event "Team 45 45 League T86"]
[Site "Internet Chess Club"]
[Date "2020.10.15"]
[Round "3"]
[White "Kidpython"]
[Black "dwmt"]
[Result "1/2-1/2"]
[WhiteElo "1154"]
[BlackElo "1150"]
[Opening "Owen defense"]
[ECO "B00"]
[Time "19:01:06"]
[TimeControl "2700+45"]

1. e4 b6 2. d4 Bb7 3. Nc3 d5 4. exd5 Bxd5 5. Nxd5 Qxd5 6. Qf3 Qxf3 7. Nxf3 Nf6
8. Bd3 Nbd7 9. Ne5 Nxe5 10. dxe5 Nd5 11. Be4 O-O-O 12. c4 Nb4 13. Bd2 Nd3+ 14.
Bxd3 Rxd3 15. O-O-O Rd4 16. b3 e6 17. Bc3 Rxd1+ 18. Rxd1 Bc5 19. Bd4 Bxd4 20.
Rxd4 Rd8 21. Rf4 Rf8 22. g4 g5 23. Rf6 Kd8 24. Kd2 Ke7 25. Ke3 Rh8 26. f4 gxf4+
27. Kxf4 Rg8 28. h4 Rg6 29. Rxg6 fxg6 30. Kg5 Kf7 31. Kh6 Kg8 32. h5 gxh5 33.
Kxh5 Kg7 34. g5 c6 35. a4 a5 36. Kg4 Kg6 37. Kh4 h5 38. gxh6 Kxh6 39. Kg4 Kg6
40. Kf4 Kh6 {Game drawn by mutual agreement} 1/2-1/2